Cogmind - Beta 9.1 @@@ ROGUE MODE // 2019.10.31 @ 17:07:40 // Halloween2019/Abominations Player: Zyalin Result: Destroyed by Minor Abomination with Flak Cannon Performance ------------- Evolutions (2) 1000 Regions Visited (3) 600 Robots Destroyed (11) 55 Value Destroyed (344) 344 Prototype IDs (0) 0 Alien Tech Used (0) 0 Bonus (0) 0 TOTAL SCORE: 1999 Bonus ------- None Cogmind --------- Core Integrity 0/550 Matter 300/300 Energy 177/250 System Corruption 9% Temperature Cool (0) Location -8/Materials Parts ------- Power (1) Ion Engine Propulsion (4) Utility (3) Weapon (3) Inventory (4) Light Angular Momentum Engine Large Storage Unit Light EM Pulse Cannon Peak State ------------ Power Ion Engine Propulsion Light Treads Light Treads Light Treads Armored Treads Utility Advanced Heat Sink Medium Storage Unit Large Storage Unit Weapon (None) Inventory Ion Engine Ion Engine Light Angular Momentum Engine Aluminum Leg Heat Sink Large Storage Unit Small Matter Pod [Rating: 15] Favorites ----------- Power Ion Engine Engine Ion Engine Propulsion Light Treads Treads Light Treads Leg Aluminum Leg Flight Unit Cesium-ion Thruster Utility Medium Storage Unit Device Heat Sink Storage Medium Storage Unit Weapon Medium Laser Energy Gun Medium Laser Launcher Grenade Launcher Build | -11 -10 -9 -8 ------- Run | Scr Mat Mat Mat Slots Evolved 4 | . . 2 2 Power . | . . . . Propulsion 2 | . . 1 1 Utility 1 | . . 1 . Weapon 1 | . . . 1 Parts Attached 26 | 5 1 9 11 Power 5 | 1 . 2 2 Engine 5 | 1 . 2 2 Core . | . . . . Reactor . | . . . . Propulsion 11 | 2 . 2 7 Treads 7 | 2 . 1 4 Leg 2 | . . 1 1 Wheel . | . . . . Hover . | . . . . Flight 2 | . . . 2 Utility 6 | . 1 3 2 Device 3 | . . 1 2 Storage 3 | . 1 2 . Processor . | . . . . Hackware . | . . . . Protection . | . . . . Artifact . | . . . . Weapon 4 | 2 . 2 . Energy Gun 3 | 2 . 1 . Energy Cannon . | . . . . Ballistic Gun . | . . . . Ballistic Cannon . | . . . . Launcher 1 | . . 1 . Special Weapon . | . . . . Impact Weapon . | . . . . Slashing Weapon . | . . . . Piercing Weapon . | . . . . Special Melee Weapon . | . . . . Unidentified Prototypes . | . . . . Parts Lost 12 | . . 5 7 Power 2 | . . 1 1 Propulsion 6 | . . . 6 Utility . | . . . . Weapon 4 | . . 4 . Highest Loss Streak 4 | . . 3 4 Average Slot Usage (%) 71 | . 75 83 61 Engine 9 | . 14 11 7 Treads 25 | . 28 22 28 Leg 3 | . . 8 1 Device 7 | . . 8 7 Storage 13 | . 4 14 15 Energy Gun 7 | . 28 10 . Launcher 2 | . . 7 . Naked Turns 44 | . . . 44 Heaviest Build 33 | 8 9 33 30 Greatest Support 60 | 40 40 40 60 Greatest Overweight (x) . | . . . . Average Overweight (x) . | . . . . Largest Inventory Capacity 14 | 4 4 14 14 Average Capacity 8 | 4 4 6 12 Most Carried 7 | 4 4 7 7 Average Carried 5 | 2 3 4 6 Final Capacity 14 | 4 4 14 4 Final Carried 6 | 4 4 6 3 Class Distribution -------------------- 100% | Mutant Dominant Class ---------------- Mutant | -10/Materials Mutant | -9/Materials Mutant | -8/Materials Resources | -11 -10 -9 -8 ----------- Run | Scr Mat Mat Mat Matter Collected 646 | 116 44 336 150 Remotely . | . . . . Salvage Created 290 | . 44 185 61 Parts 25 | . . 21 4 Haulers Intercepted . | . . . . Recyclers Shooed . | . . . . Parts Field Recycled . | . . . . Retrieved Matter . | . . . . Parts Self-Destructed . | . . . . Prevented . | . . . . Kills | -11 -10 -9 -8 ------- Run | Scr Mat Mat Mat Combat Hostiles Destroyed 8 | . 1 6 1 Melee 1 | . . . 1 Guns 2 | . 1 1 . AOE 5 | . . 5 . Classes Destroyed 6 | . 1 5 . Worker 2 | . . 2 . Builder 1 | . . 1 . Swarmer 1 | . . 1 . Grunt 4 | . 1 2 1 Sentry 1 | . . 1 . Abomination 2 | . . 2 . Best Kill Streak 4 | . 1 4 1 Combat Bots Only 2 | . 1 2 1 Max Kills in Single Turn 2 | . 1 2 1 Gunslinging . | . . . . Exploded 1 | . . 1 . Melee 1 | . . . 1 Uniques/NPCs Destroyed . | . . . . Combat | -11 -10 -9 -8 -------- Run | Scr Mat Mat Mat Damage Taken 3353 | . 75 1123 2155 Core 736 | . 32 150 554 Absorbed by Shields . | . . . . Core Remaining (%) 83 | 100 87 62 . Volleys Fired 36 | . 5 31 . Largest 2 | . 2 2 . Hottest 90 | . 90 90 . Shots Fired 55 | . 10 45 . Gun 32 | . 10 22 . Cannon . | . . . . Launcher 23 | . . 23 . Special . | . . . . Kinetic . | . . . . Thermal 32 | . 10 22 . Explosive 23 | . . 23 . Electromagnetic . | . . . . Robot Hit Streak 13 | . 4 13 . Robot Miss Streak 2 | . 1 2 . Penetration Max . | . . . . Secondary Targets . | . . . . Shots Hit Robots 42 | . 7 35 . Core Hits 40 | . 2 30 8 Critical Hits . | . . . . Critical Kills . | . . . . Critical Parts Destroyed . | . . . . Melee Attacks . | . . . . Impact . | . . . . Slashing . | . . . . Piercing . | . . . . Sneak Attacks . | . . . . Combat Hostiles . | . . . . Follow-up Attacks . | . . . . Damage Inflicted 1234 | . 83 1096 55 Guns 272 | . 83 189 . Cannons . | . . . . Explosions 907 | . . 907 . Melee . | . . . . Ramming 55 | . . . 55 Kinetic . | . . . . Thermal 272 | . 83 189 . Explosive 907 | . . 907 . Electromagnetic . | . . . . Impact . | . . . . Slashing . | . . . . Piercing . | . . . . Highest Corruption 9 | . . . 9 Average Corruption 5 | . . . 5 Corruption Purged . | . . . . Effects 2 | . . . 2 Heat Flow Errors 1 | . . . 1 Energy Discharges 1 | . . . 1 Overload Shots . | . . . . Overflow Damage 2 | . . 2 . Projectiles . | . . . . Explosions 2 | . . 2 . Melee . | . . . . Knockbacks . | . . . . Impact . | . . . . Kinetic . | . . . . Secondary . | . . . . Self-Inflicted Damage 232 | . . 232 . Shots 12 | . . 12 . Rammed 19 | . . . 19 Targets Rammed 20 | . . . 20 Kicked . | . . . . Crushed 1 | . . . 1 Highest Temperature 469 | . 186 292 469 Average Temperature 119 | . 98 95 139 Received Heat Transfer 885 | . 42 195 648 Effects 3 | . . . 3 Shutdowns 1 | . . . 1 Interference 1 | . . . 1 Short Circuit 1 | . . . 1 Siege Activations . | . . . . Robots Corrupted . | . . . . Combat Hostiles . | . . . . Parts Fried . | . . . . Impact Corruptions . | . . . . Robots Melted . | . . . . Combat Hostiles . | . . . . Parts Melted 1 | . 1 . . Heat Transferred 606 | . 211 395 . Parts Sabotaged . | . . . . Parts Stolen . | . . . . Parts Stripped . | . . . . Power Chain Reactions . | . . . . Missiles Intercepted . | . . . . Alert | -11 -10 -9 -8 ------- Run | Scr Mat Mat Mat Peak Influence 147 | . 30 147 90 Average Influence 57 | . 13 88 58 Maximum Alert Level . | . . . . Low Security (%) 100 | . . . . Level 1 . | . . . . Level 2 . | . . . . Level 3 . | . . . . Level 4 . | . . . . Level 5 . | . . . . High Security . | . . . . Max Security . | . . . . Squads Dispatched 15 | . 1 5 9 Investigation 3 | . . 2 1 Extermination . | . . . . Reinforcement 7 | . 1 3 3 Assault 2 | . . . 2 Garrison 3 | . . . 3 Intercept . | . . . . Construction Impeded . | . . . . Haulers Reinforced . | . . . . Stealth | -11 -10 -9 -8 --------- Run | Scr Mat Mat Mat Distress Signals 14 | . . 11 3 Communications Jammed . | . . . . Distress Signals . | . . . . Times Spotted 32 | . 2 19 11 Peak Tracking Total 10 | . 1 6 10 Tactical Retreats 4 | . . 3 1 Traps | -11 -10 -9 -8 ------- Run | Scr Mat Mat Mat Traps Triggered 1 | . . 1 . Indirectly . | . . . . Trap Hack Attempts . | . . . . Triggered . | . . . . Disarmed . | . . . . Reprogrammed . | . . . . Reused . | . . . . Traps Extracted . | . . . . Installed . | . . . . Triggered . | . . . . Machines | -11 -10 -9 -8 ---------- Run | Scr Mat Mat Mat Machines Disabled 1 | . . 1 . Max in Single Turn 1 | . . 1 . Garrison Access 1 | . . . 1 Machines Sabotaged . | . . . . Garrisons Compromised . | . . . . Overloaded Fab Kills . | . . . . Fab Network Shutdowns . | . . . . Hacking | -11 -10 -9 -8 --------- Run | Scr Mat Mat Mat Machines Accessed 1 | . . . 1 Terminals 1 | . . . 1 Fabricators . | . . . . Repair Stations . | . . . . Recycling Units . | . . . . Scanalyzers . | . . . . Garrison Access . | . . . . Total Hacks 1 | . . . 1 Successful 1 | . . . 1 Failed . | . . . . Catastrophic . | . . . . Database Lockouts . | . . . . Manual 1 | . . . 1 Terminals 1 | . . . 1 Fabricators . | . . . . Repair Stations . | . . . . Recycling Units . | . . . . Scanalyzers . | . . . . Garrison Access . | . . . . Terminal Hacks . | . . . . Fabricator Hacks . | . . . . Repair Station Hacks . | . . . . Recycling Unit Hacks . | . . . . Scanalyzer . | . . . . Garrison Access Hacks . | . . . . Unauthorized Hacks 2 | . . . 2 Terminals 1 | . . . 1 Track 1 | . . . 1 Fabricators . | . . . . Repair Stations . | . . . . Recycling Units . | . . . . Scanalyzers . | . . . . Garrison Access . | . . . . Data Cores Recovered . | . . . . Used . | . . . . Hacking Detections 1 | . . . 1 Full Trace Events . | . . . . Feedback Events . | . . . . Feedback Blocked . | . . . . Robot Schematics Acquired . | . . . . Robots Built . | . . . . Matter . | . . . . Time . | . . . . Total Robot Build Rating . | . . . . Part Schematics Acquired . | . . . . Parts Built . | . . . . Matter . | . . . . Time . | . . . . Total Part Build Rating . | . . . . Parts Repaired . | . . . . Time . | . . . . Parts Recycled . | . . . . Recycled Matter . | . . . . Retrieved Matter . | . . . . Retrieved Components . | . . . . Parts Scanalyzed . | . . . . Part Schematics Acquired . | . . . . Parts Damaged . | . . . . Bothacking | -11 -10 -9 -8 ------------ Run | Scr Mat Mat Mat Used RIF Installer . | . . . . Robots Hacked . | . . . . Non-combat . | . . . . Combat . | . . . . Robot Hacks Applied . | . . . . Relay Couplers Released 2 | . . . 2 Machine Destruction 2 | . . . 2 Robots Rewired . | . . . . Allies Hacked . | . . . . Hacks Repelled . | . . . . Allies | -11 -10 -9 -8 -------- Run | Scr Mat Mat Mat Total Allies . | . . . . Largest Group . | . . . . Highest-Rated Group . | . . . . Highest-Rated Ally . | . . . . Total Orders . | . . . . Ally Attacks . | . . . . Total Damage . | . . . . Kills . | . . . . Allies Corrupted . | . . . . Allies Melted . | . . . . Intel | -11 -10 -9 -8 ------- Run | Scr Mat Mat Mat Robot Analysis Total . | . . . . Derelict Logs Recovered . | . . . . Drone Launches . | . . . . Drone Recoveries . | . . . . Exploration | -11 -10 -9 -8 ------------- Run | Scr Mat Mat Mat Turns Passed 1118 | 83 154 357 524 Spaces Moved 626 | 46 86 155 339 Core 70 | 1 . . 69 Treads 522 | 45 86 155 236 Legs . | . . . . Wheels . | . . . . Hover . | . . . . Flight 34 | . . . 34 Fastest Speed 37 | 50 160 160 37 Average Speed 141 | 157 160 160 126 Slowest Speed 165 | 160 160 160 165 Overloaded Moves . | . . . . Propulsion Burnouts . | . . . . Robots Hopped 3 | . . . 3 Cave-ins Triggered . | . . . . Exploration Rate (%) 25 | 4 28 27 43 Regions Visited 3 Branch Regions . Pre-discovered Areas . | . . . . Known Exits Taken . | . . . . Unknown Exits Taken 3 | 1 1 1 . Scrap Searched . | . . . . Spaces Dug . | . . . . Terrain Destroyed 97 | . . 97 . Melee . | . . . . Projectile . | . . . . AOE 97 | . . 97 . Actions | -11 -10 -9 -8 --------- Run | Scr Mat Mat Mat Total 741 | 54 93 219 375 Wait 19 | . . 16 3 Move 618 | 45 85 154 334 Hop 2 | . . . 2 Pick Up 13 | 4 1 5 3 Fast Attach 15 | 5 1 4 5 Attach 7 | . . 3 4 Detach 1 | . . 1 . Swap 4 | . . 2 2 Drop 6 | . 1 3 2 Fire 36 | . 5 31 . Melee . | . . . . Ram . | . . . . Kick . | . . . . Crush 20 | . . . 20 Escape Stasis . | . . . . Rewire . | . . . . Trap . | . . . . Miscellaneous . | . . . . Route ------- -11/Scrapyard -10/Materials -9/Materials -8/Materials History --------- Turn | Location | Event 5 | -11/Scrapyard | Discovered new exit (range 16) 84 | -11/Scrapyard | Entered Materials 221 | -10/Materials | Discovered new exit (range 10) 238 | -10/Materials | Entered another Materials area 238 | -9/Materials | Evolved 2 slots: Propulsion x1, Utility x1 330 | -9/Materials | Build established: Mutant 512 | -9/Materials | Discovered new exit (range 5) 595 | -9/Materials | Entered another Materials area 595 | -8/Materials | Evolved 2 slots: Propulsion x1, Weapon x1 612 | -8/Materials | Lost 3 parts (1p2w) 649 | -8/Materials | Garrison activated, responded to threat 1010 | -8/Materials | Discovered new exit (range 13) 1047 | -8/Materials | Released all parts (6) 1049 | -8/Materials | Core integrity fell below 50% 1077 | -8/Materials | Lost 4 parts (1p3n) 1086 | -8/Materials | Core integrity fell below 20% 1119 | -8/Materials | Destroyed by Minor Abomination with Flak Cannon Last Messages --------------- 01055_ Hungry Anomaly eats Adv. Signal Interpreter. 01056_ Hungry Anomaly eats Arm. Treads. 01057_ Dropped Sml. Matter Pod. 01057_ Acquired Lgt. EM Pulse Cannon. 01058_ Frozen by Ice Anomaly. 01072_ Unstable Anomaly suddenly flashes brightly. 01091_ Acquired Cesium-ion Thruster. 01092_ System corrupted: Energy discharge (-25). 01092_ Acquired Cesium-ion Thruster. 01097_ Cesium-ion Thruster destroyed. 01098_ Knocked back. 01104_ K-01 Serf collects debris. 01105_ Acquired 21 matter. 01106_ K-01 Serf collects debris. 01108_ Frozen by Ice Anomaly. 01109_ K-01 Serf collects debris. 01110_ K-01 Serf destroyed. 01114_ Frozen by Ice Anomaly. 01116_ Cesium-ion Thruster destroyed. 01117_ Frozen by Ice Anomaly. Map ----- +----------------------------------------------------+ | # """ # / #??????????????? | | # """ + # #??????????????? | | # "" # ### ## #??????????????? | | # """ # ###/###########??????????????? | | # S" # # #??????????????????? | | # #% / #??????????????????? | | ########### # #??????????????????? | | ???#] ! # # % #??????????????????? | | ???# # # """ #??????????????????? | | ??## # # """ #??????????????????? | | ??#" ! # # """ #??????????????????? | | ?##" / #% #??????????????????? | | ?# " % # ####A#######????#####????????? | | ## """"+### ## =% # ##???# ????????? | | # " % ###""##### ????????? | | ## " =<%%/% # ????????? | | ?# " A!** # # % #????????? | | ## "% ####### A # % # #????????? | | # " #?????##AA ## ?# #????????? | | ## " #??????# ## ?+ #????????? | | ## " #??????# ## ? # %#????????? | | # " #??????# ## ??? # #????????? | | ## " #?????## ## ?????+ #????????? | | ## " ####+## # ??????# #????????? | | # " #######"## #????????? | | ## " @ %%n %%% ;????????? | | ?# ! ######+##### #????????? | | ?# " % # " ??# #######??? | | # " %### ## ## %#### | | ###" # ### ##% | | ??#" % " #??# ## | | ??## % " ##?# ## | | ???# " #?# ########+### | | ???###"##+######## """##########???# % # | | ?????#" !% ##"" " #???????# ## | | ?????## % +% " #???????# #? | | ??????# """##"" " #???????# #? | | ??????# R"" "# "" #???????# #? | | ?????#" """""""" "" #???????# #? | | ?????## " " #???????########? | | ??????#"""""""""""""""######???????????????? | | ??????###""" """ #????????????????????? | | ????????## " #???????????????????## | | ?????????# " #???????????????????# | | ?????????? " #???????????????????# | | ?????????? " #???????????????????# | | ?????????? " #???????????????????# | | ??????????"? ""########???????????????????# | | ?????????? ? " ???????????????????????????## | | ?????????????" ????????????????????????????# | +----------------------------------------------------+ Best States ------------- Heat Dissipation 50 Energy Generation 10 Energy Capacity 250 Matter Stores 300 Matter Capacity 350 Sight Range 16 Terrain Scan Density 10 Evasion (%) 62 Recoil Reduction 3 Item Schematics ----------------- None Robot Schematics ------------------ None Fabricated ------------ Nothing Alien Tech Used ----------------- None Achievements -------------- None Challenges ------------ None Game ------ Seed InsulationStorageBeamcaster Manual? 0 Play Time 00:08:52 Cumulative 319.4 hours Start 2019.10.31 @ 16:59:36 End 2019.10.31 @ 17:07:40 Sessions 1 Manual Loads 0 Difficulty Rogue Special Mode Halloween2019/Abominations Game No. 204 Rogue 204 Adventurer 0 Explorer 0 Win Type - Total 31 Types 25/0/4/2/0/0/0 Lore% 89 Gallery% 89 Achievement% 82 Wizard Run 0 Options --------- ASCII 0 Keyboard 0 Movement Numpad Keybinds 0 Fullscreen 1 Font 18/X11Bold Map View 76x50 Tactical HUD 1 Map Filters NONE Filters NONE Steam 1 RUN: 9861a95a-3d1c-4fb2-a133-957fbb8a1fd0